 Dungeon Crawl Stone Soup version 0.28.0 (webtiles) character file.

Game seed: 546744080780801761

2718 pkoi the Frost Mage (level 9, 0/62 HPs)
             Began as a White Draconian Ice Elementalist on Feb 16, 2022.
             Was an Initiate of Sif Muna.
             Slain by Harold (15 damage)
             ... on level 7 of the Dungeon.
             The game lasted 00:13:29 (10032 turns).

pkoi the Frost Mage (DrIE)                         Turns: 10032, Time: 00:13:29

Health: 0/62       AC: 10    Str: 10    XL:     9   Next: 39%
Magic:  15/15      EV: 12    Int: 25    God:    Sif Muna [......]
Gold:   369        SH:  0    Dex: 13    Spells: 5/16 levels left

rFire   . . .      SeeInvis .   a - +0 shortbow
rCold   + + .      Faith    .   (shield currently unavailable)
rNeg    . . .      Spirit   .   (armour unavailable)
rPois   .          Reflect  .   (helmet restricted)
rElec   .          Harm     .   k - scarf {shadows}
rCorr   .          Rampage  .   v - +1 pair of gloves
Will    .....                   x - +0 pair of boots
Stlth   ++........              (no amulet)
HPRegen 0.20/turn               f - ring of protection from cold
MPRegen 0.14/turn               l - +6 ring of intelligence

@: lethally poisoned (0 -> -19)
A: breathe frost, AC +7, unfitting armour, cold resistance 1, cold-blooded
a: Breathe Frost, Renounce Religion


You were on level 7 of the Dungeon.
You worshipped Sif Muna.
Sif Muna was noncommittal.
You visited 2 branches of the dungeon, and saw 8 of its levels.

You collected 369 gold pieces.

Inventory:

Hand Weapons
 a - a +0 shortbow (weapon)
 c - a +0 club
 e - a +2 mace of protection
 i - a +2 dagger of venom
 t - a +4 dagger of freezing
Missiles
 m - 117 arrows (quivered ammo)
Armour
 k - a scarf of shadows (worn)
 v - a +1 pair of gloves (worn)
 x - a +0 pair of boots (worn)
Jewellery
 f - a ring of protection from cold (left hand)
 j - a +6 ring of strength
 l - a +6 ring of intelligence (right hand)
Wands
 o - a wand of acid (10)
Scrolls
 d - a scroll of identify
 g - a scroll of magic mapping
 h - a scroll of blinking
 s - 2 scrolls of teleportation
Potions
 b - a potion of heal wounds
 n - a potion of brilliance
 p - 3 potions of curing
 q - a potion of might
 r - 2 potions of berserk rage
 u - a potion of haste


   Skills:
 + Level 2.7 Bows
 - Level 1.7 Dodging
 - Level 1.7 Stealth
 - Level 4.0 Spellcasting
 + Level 5.7 Conjurations
 * Level 12.8 Ice Magic
 + Level 1.9 Invocations


You had 5 spell levels left.
You knew the following spells:

 Your Spells              Type           Power      Damage    Failure   Level
a - Freeze                Ice            100%       1d11      1%          1
b - Frozen Ramparts       Ice            100%       1d12      1%          3
c - Hailstorm             Conj/Ice       51%        3d11      1%          4
d - Ozocubu's Armour      Ice            62%        N/A       1%          3

Your spell library contained the following spells:

 Spells                   Type           Power      Damage    Failure   Level
 Shock                    Conj/Air       76%        1d7       2%          1
 Slow                     Hex            20%        N/A       9%          1
 Confusing Touch          Hex            5%         N/A       26%         3
 Swiftness                Air            5%         N/A       26%         3
 Vampiric Draining        Necr           5%         2d6       26%         3
 Airstrike                Air            2%         N/A       65%         4


Dungeon Overview and Level Annotations

Branches:
Dungeon (7/15)             Temple (1/1) D:7

Altars:
Ashenzari
Cheibriados
Dithmenos
Elyvilon
Fedhas
Hepliaklqana
Kikubaaqudgha
Nemelex Xobeh
Okawaru
Ru
Sif Muna
Trog
Uskayaw
Vehumet
Xom
Zin
The Shining One

Shops:
D:6 *=

Annotations:
D:7 1 transporter, Harold


Innate Abilities, Weirdness & Mutations

You can breathe waves of freezing cold which knock back foes.
Your icy white scales are hard. (AC +7)
You cannot fit into any form of body armour.
Your flesh is cold resistant. (rC+)
You are cold-blooded and may be slowed by cold attacks.


Message History

Harold is nearby!
Aiming: Corrosive Bolt
Press: ? - help, Shift-Dir - straight line, f - Harold
Aim: Harold, wielding a +4 trident of venom, wearing a +2 chain mail of cold resistance, quivering a throwing net and carrying a wand of paralysis (8) (86% to hit)
The bolt of acid misses Harold.
You feel your willpower return.
Harold hits you from afar with a +4 trident of venom!
* * * LOW HITPOINT WARNING * * *
You are poisoned.
Aiming: Corrosive Bolt
Press: ? - help, Shift-Dir - straight line, f/p - Harold
Aim: Harold, wielding a +4 trident of venom, wearing a +2 chain mail of cold resistance, quivering a throwing net and carrying a wand of paralysis (8) (86% to hit)
The bolt of acid hits Harold!
The acid corrodes Harold!
Harold is lightly wounded.
You feel very sick.
Harold zaps a wand.
You resist with some effort.
You feel very sick.
Harold hits you with a +4 trident of venom!
* * * LOW HITPOINT WARNING * * *
Aiming: Corrosive Bolt
Press: ? - help, Shift-Dir - straight line, f/p - Harold
Aim: Harold, wielding a +4 trident of venom, wearing a +2 chain mail of cold resistance, quivering a throwing net and carrying a wand of paralysis (7) (lightly wounded, covered in acid, 86% to hit)
The bolt of acid hits Harold!
Harold seems to be corroded for longer.
Harold is moderately wounded.
The orc priest shouts!
You feel very sick.
You hear a shout!
Something shouts, "Slither away, thou unmuzzled boil-brained fleecer!"
Harold hits you with a +4 trident of venom.
* * * LOW HITPOINT WARNING * * *
You are lethally poisoned!
Aiming: Corrosive Bolt
Press: ? - help, Shift-Dir - straight line, f/p - Harold
Aim: Harold, wielding a +4 trident of venom, wearing a +2 chain mail of cold resistance, quivering a throwing net and carrying a wand of paralysis (7) (moderately wounded, covered in acid, 86% to hit)
The bolt of acid hits Harold!
Harold seems to be corroded for longer.
Harold is heavily wounded.
* * * LOW HITPOINT WARNING * * *
You feel very sick.
Harold hits you with a +4 trident of venom!
You die...

#### ....
##..#################
.##....................
.............##########
......#........########
#.@....†)..........
#@#.####.#.########
..##.# #.#.####8##8
8#.. ..# #.#...'.....
.≈#.########.######8##8
###.#.......)...# #####
≈o#.#.§§≈§≈≈§≈≈.#
...≈.#...≈.§.....≈.####
≈≈P≈[#...≈.§≈§§≈.§.....


You could see Harold (corroded) and an orc priest.

Vanquished Creatures
  A hornet (D:6)
  Sigmund (D:5)
  Edmund (D:5)
  4 sky beasts
  A necrophage (D:7)
  5 ogres
  A centaur (D:6)
  A bullfrog (D:6)
  2 wyvern zombies (D:6)
  A scorpion (D:5)
  A wyvern skeleton (D:7)
  3 jellies (D:6)
  A water moccasin skeleton (D:6)
  4 wights (D:7)
  4 crimson imps (D:3)
  2 orc priests (D:7)
  A gnoll shaman (D:7)
  A hound (D:5)
  4 iguanas
  2 orc wizards
  A hound skeleton (D:5)
  4 gnolls (D:7)
  2 adders (D:5)
  2 white imps (D:6)
  An ufetubus (D:4)
  A dart slug (D:4)
  19 orcs
  2 ball pythons
  7 endoplasms
  5 giant cockroaches
  10 goblins
  9 hobgoblins
  4 jackals (D:1)
  8 kobolds
  2 bats
  2 rats
120 creatures vanquished.

Vanquished Creatures (collateral kills)
  A necrophage (D:5)
  An orc (D:5)
2 creatures vanquished.

Grand Total: 122 creatures vanquished

Notes
Turn   | Place    | Note
-------+----------+-------------------------------------------
     0 | D:1      | pkoi the Draconian Ice Elementalist began the quest for the
                  | Orb.
     0 | D:1      | Reached XP level 1. HP: 14/14 MP: 3/3
     1 | D:1      | You fall into a shaft and drop 1 floor!
   530 | D:1      | Reached XP level 2. HP: 13/20 MP: 0/5
   829 | D:1      | Found a faded altar of an unknown god.
  1064 | D:1      | Reached skill level 5 in Ice Magic
  1068 | D:1      | Reached XP level 3. HP: 7/26 MP: 4/6
  2009 | D:3      | Learned a level 3 spell: Frozen Ramparts
  2239 | D:3      | Found a shimmering altar of Xom.
  2246 | D:3      | Reached XP level 4. HP: 29/33 MP: 3/7
  2248 | D:3      | Reached skill level 6 in Ice Magic
  2259 | D:3      | Reached XP level 5. HP: 35/38 MP: 0/8
  2355 | D:3      | Noticed a sky beast
  2365 | D:3      | Killed a sky beast
  2366 | D:3      | Reached skill level 7 in Ice Magic
  2630 | D:3      | Learned a level 4 spell: Hailstorm
  2922 | D:3      | Reached XP level 6. HP: 34/45 MP: 4/9
  3654 | D:4      | Reached skill level 1 in Conjurations
  3848 | D:4      | Found a broken altar of Ashenzari.
  4106 | D:4      | Found a sparkling altar of Nemelex Xobeh.
  4215 | D:5      | Entered Level 5 of the Dungeon
  4363 | D:5      | Your scales start taking on an icy white colour.
  4363 | D:5      | Reached skill level 9 in Ice Magic
  4363 | D:5      | Reached XP level 7. HP: 34/50 MP: 8/11
  4363 | D:5      | Gained mutation: Your flesh is cold resistant. (rC+) [White
                  | Draconian growth]
  4633 | D:5      | Noticed Edmund
  4646 | D:5      | Killed Edmund
  4647 | D:5      | Reached skill level 10 in Ice Magic
  5275 | D:5      | Noticed Sigmund
  5315 | D:5      | Killed Sigmund
  5316 | D:5      | Reached XP level 8. HP: 35/57 MP: 7/13
  5837 | D:6      | Noticed a hornet
  5842 | D:6      | Killed a hornet
  5843 | D:6      | Reached skill level 11 in Ice Magic
  6210 | D:5      | Learned a level 3 spell: Ozocubu's Armour
  6541 | D:6      | Found Mulun's Fire Supplies.
  7110 | D:6      | Found a bloodstained altar of Trog.
  7110 | D:6      | Found a hazy altar of Hepliaklqana.
  7114 | D:6      | Found a shadowy altar of Dithmenos.
  7387 | D:6      | Reached skill level 1 in Bows
  7831 | D:6      | Reached skill level 5 in Conjurations
  7987 | D:6      | Found a glowing golden altar of the Shining One.
  8065 | D:6      | Found Xotsudghi's Jewellery Emporium.
  8162 | D:6      | Reached skill level 12 in Ice Magic
  8443 | D:7      | Found a staircase to the Ecumenical Temple.
  8460 | D:7      | Found a transporter.
  8462 | Temple   | Entered the Ecumenical Temple
  8816 | D:7      | Found a snail-covered altar of Cheibriados.
  8818 | D:7      | Found a shimmering blue altar of Sif Muna.
  8835 | D:7      | Reached XP level 9. HP: 31/62 MP: 12/15
  9344 | D:7      | Became a worshipper of Sif Muna the Loreminder
  9677 | D:7      | Reached skill level 1 in Invocations
 10027 | D:7      | Noticed Harold
 10032 | D:7      | Slain by Harold

Illustrated notes

Levels and vault maps discovered:
D:1:      dpeg_arrival_tiny_i, layout_rooms,
          hellmonk_ecumenical_altar_prayer_group
D:2:      layout_basic
D:3:      layout_loops_corners, led_xom_imps, minivault_23
D:4:      layout_gridville, mainiacjoe_overflow_catwalk, kennysheep_flooded_box
D:5:      layout_basic, grunt_ministairs_5, sigmund_edmund_badplayer
D:6:      layout_gridville, amcnicky_altar_gilded, minitemple, enter_ossuary_2,
          serial_shops, shop, nicolae_shop_fire_sale [nicolae_sub_dead_trees],
          minmay_puff
D:7:      gammafunk_wand_slinger, layout_loops_ring,
          nicolae_overflow_hidden_temple, mainiacjoe_overflow_boulevard,
          mainiacjoe_overflow_catwalk_spiral, minmay_temple_entry_mist,
          dk_noncrumbling_2, uniq_crazy_yiuf_cottage, uniq_harold
Temple:   compressed_dpeg_triangle_lava_temple

Skill      XL: |  1  2  3  4  5  6  7  8  9 |
---------------+----------------------------+-----
Ice Magic      | 5 6 7 9 10 12 | 12.8
Conjurations   | 2 3 5 |  5.7
Spellcasting   | 3 4 |  4.0
Bows           | 1 2 |  2.7
Invocations    | 1 |  1.9
Dodging        | |  1.7
Stealth        | |  1.7

Action                   |  1- 3 |  4- 6 |  7- 9 || total
-------------------------+-------+-------+-------++-------
Melee: Mace              |    21 |       |    17 ||    38
       Tailslap          |     7 |     5 |    20 ||    32
       Club              |     1 |       |       ||     1
       Dagger            |    43 |    85 |    84 ||   212
       Punch             |       |     1 |     1 ||     2
 Fire: Shortbow          |       |       |    78 ||    78
 Cast: Freeze            |    24 |    11 |     3 ||    38
       Frozen Ramparts   |       |     5 |    22 ||    27
       Hailstorm         |       |       |     4 ||     4
 Abil: Breathe Frost     |       |       |     3 ||     3
Evoke: Wand              |       |       |     4 ||     4
  Use: Scroll            |       |    11 |    10 ||    21
       Potion            |       |       |     3 ||     3
 Stab: Sleeping          |     5 |     5 |     2 ||    12
Armor: Skin              |    32 |    24 |    44 ||   100
Dodge: Dodged            |    55 |    53 |    99 ||   207
